 Dungeon Crawl Stone Soup version 0.21.1-1-g345015fe64 (webtiles) character file.

75 Kohma the Firebug (level 4, 0/39 HPs)
             Began as an Ogre Fire Elementalist on June 28, 2018.
             Slain by a gnoll
             ... wielding a +0 club
              (9 damage)
             ... on level 2 of the Dungeon.
             The game lasted 00:07:21 (1903 turns).

Kohma the Firebug (Ogre Fire Elementalist)          Turns: 1903, Time: 00:07:22

Health: 0/39       AC:  3    Str: 12    XL:     4   Next: 31%
Magic:  1/8        EV: 10    Int: 17    God:
Gold:   43         SH:  0    Dex:  9    Spells: 6/9 levels left

rFire    . . .     SeeInvis .   o - +0 rapier
rCold    . . .     Gourm    .   (no shield)
rNeg     . . .     Faith    .   a - +0 robe
rPois    .         Spirit   .   (helmet restricted)
rElec    .         Reflect  .   (no cloak)
rCorr    .         Harm     .   (gloves unavailable)
MR       .....                  (boots unavailable)
Stlth    +.........             (no amulet)
HPRegen  0.13/turn              (no ring)
MPRegen  0.11/turn              (no ring)

@: no status effects
A: large, unfitting armour, tough skin 1
a: no special abilities


You were on level 2 of the Dungeon.
You were hungry.

You visited 1 branch of the dungeon, and saw 2 of its levels.

You collected 43 gold pieces.

Inventory:

Hand Weapons
 o - a +0 rapier (weapon)
Missiles
 h - 4 stones (quivered)
Armour
 a - a +0 robe (worn)
Jewellery
 f - an uncursed ring of protection from magic {unknown}
Scrolls
 g - 3 scrolls of blinking {unknown}
 i - 2 scrolls of enchant weapon {unknown}
 j - a scroll of amnesia {unknown}
 l - a scroll of remove curse {unknown}
Potions
 e - a potion of curing {unknown}
 k - a potion of heal wounds {unknown}
 n - a potion of berserk rage {unknown}
Books
 b - a book of Flames

   Spells                             Type                      Level
   a - Flame Tongue                   Conjuration/Fire             1
   b - Throw Flame                    Conjuration/Fire             2
   c - Conjure Flame                  Conjuration/Fire             3
   d - Inner Flame                    Hexes/Fire                   3
   e - Sticky Flame                   Conjuration/Fire             4
   f - Fireball                       Conjuration/Fire             5
Comestibles
 c - 7 rations


   Skills:
 + Level 2.3 Dodging
 - Level 1.4 Stealth
 + Level 3.1 Spellcasting
 + Level 1.7 Conjurations
 * Level 3.5 Fire Magic


You had 6 spell levels left.
You knew the following spells:

 Your Spells              Type           Power        Failure   Level  Hunger
a - Flame Tongue          Conj/Fire      ##...        6%          1    None
b - Throw Flame           Conj/Fire      ##....       9%          2    ##.....


Dungeon Overview and Level Annotations

Branches:
Dungeon (2/15)

Altars:
Nemelex Xobeh
Wu Jian

Annotations:
D:1 exclusion: downstairs


Innate Abilities, Weirdness & Mutations

You are too large for most types of armour.
You have tough skin. (AC +1)


Message History

Confirm with . or Enter, or press ? or * to list all spells.
Aiming: Flame Tongue
Press: ? - help, Shift-Dir - straight line, f - gnoll
Aim: a gnoll, wielding a club The flame tongue hits the gnoll.
The gnoll is lightly wounded.
A leopard gecko comes into view.
The leopard gecko hisses angrily.
The leopard gecko moves out of view.
A gnoll comes into view. It is wielding a halberd.
The gnoll throws a throwing net.
The throwing net hits you.
You become entangled in the net!
You see here a throwing net.
You struggle against the net.
The gnoll barely misses you.
You struggle against the net.
The gnoll hits you with a club.
You shred the net and break free!
The gnoll hits you from afar with a halberd!
* * * LOW HITPOINT WARNING * * *
The gnoll hits you with a club!
You die...

.........#.......#.#.........#
.........#.......#.######## ..
.........##.....##.#
.........####.####.#
...................#
#######.#.###.##.### #.#.#
#..l.# #.#.# ####g# #.#.# #@#
#.#.# #.# #.#.######g#
#.#...)<..)########
#.#########........ #.#
..[..).#.###### #######.#
######.#.#
......#.#.######.#.#######
####.##.#.................


You could see 2 gnolls and a leopard gecko.

Vanquished Creatures
  An adder (D:2)
  3 gnolls
  An ooze (D:1)
  A worm (D:2)
  A giant cockroach (D:2)
  2 goblins
  7 hobgoblins
  3 kobolds (D:1)
  2 quokkas (D:2)
  5 bats (D:1)
  A frilled lizard (D:1)
  3 rats (D:1)
30 creatures vanquished.

Notes
Turn   | Place    | Note
-------+----------+-------------------------------------------
     0 | D:1      | Kohma the Ogre Fire Elementalist began the quest for the Orb.
     0 | D:1      | Reached XP level 1. HP: 16/16 MP: 3/3
    81 | D:1      | Reached skill level 1 in Conjurations
   322 | D:1      | Reached XP level 2. HP: 15/24 MP: 0/5
   447 | D:1      | Learned a level 2 spell: Throw Flame
  1006 | D:2      | Reached XP level 3. HP: 31/31 MP: 4/7
  1230 | D:2      | Found a sparkling altar of Nemelex Xobeh.
  1386 | D:2      | Found an ornate altar of the Wu Jian Council.
  1592 | D:1      | Reached XP level 4. HP: 16/39 MP: 1/8
  1903 | D:2      | Slain by a gnoll

Skill      XL: |  1  2  3 |
---------------+----------+-----
Conjurations   | 1 |  1.7
Fire Magic     | 3 |  3.5
Dodging        | 2 |  2.3
Spellcasting   | 3 |  3.1
Stealth        | |  1.4

Action                   |  1- 3 |  4- 6 || total
-------------------------+-------+-------++-------
Melee: Unarmed           |     3 |       ||     3
       Rapier            |     2 |       ||     2
 Cast: Flame Tongue      |    50 |    11 ||    61
       Throw Flame       |     7 |     1 ||     8
  Eat: Chunk             |     2 |     1 ||     3
Armor: Robe              |    14 |       ||    14
Dodge: Dodged            |    19 |     3 ||    22
